 Dungeon Crawl Stone Soup version 0.14-a0-2340-g8df0fbc (webtiles) character file.

511 Kae the Firebug (level 6, -2/32 HPs)
             Began as a Tengu Fire Elementalist on Jan 29, 2014.
             Slain by an iguana (15 damage)
             ... on Level 4 of the Dungeon on Jan 30, 2014.
             The game lasted 00:07:08 (4034 turns).

Kae the Firebug (Tengu Fire Elementalist)           Turns: 4034, Time: 00:07:08

HP  -2/32        AC  2     Str  9      XL: 6   Next: 83%
MP   9/15        EV 12     Int 17      God:
Gold 114         SH  0     Dex 14      Spells:  3 memorised,  5 levels left

rFire  . . .     SeeInvis .     s - staff of poison
rCold  . . .     Clarity  .     a - +0 robe (curse)
rNeg   . . .     Conserve .     (no shield)
rPois  +         rCorr    .     (helmet restricted)
rElec  .         rRot     .     (no cloak)
SustAb . .       Spirit   .     (no gloves)
rMut   .         Warding  .     (boots unavailable)
Saprov . . .     Stasis   .     h - cursed amulet of faith {unknown}
MR     .....                    (no ring)
                                (no ring)

@: not resistant to hostile enchantments, fairly stealthy
A: able to fly, beak, talons 3
a: Fly


You were on level 4 of the Dungeon.
You were not hungry.

You visited 1 branch of the dungeon, and saw 4 of its levels.

You collected 114 gold pieces.

Inventory:

Hand weapons
 i - a +2,+3 dwarven dagger
Armour
 a - a cursed +0 robe (worn)
Comestibles
 c - 2 bread rations
 d - 2 chokos
 j - an apple
 q - 2 meat rations
 u - 3 chunks of ogre flesh
Scrolls
 e - 3 scrolls of enchant weapon I
 f - a scroll of remove curse {unknown}
 l - a scroll of enchant weapon II
 m - a scroll of curse jewellery
Jewellery
 h - a cursed amulet of faith (around neck) {unknown}
Potions
 g - a potion of might {unknown}
 k - a potion of confusion {unknown}
 n - a potion of heal wounds
 o - 2 potions of lignification
Books
 b - a book of Flames

   Spells                             Type                      Level
   *Flame Tongue                      Conjuration/Fire             1
   *Throw Flame                       Conjuration/Fire             2
   *Conjure Flame                     Conjuration/Fire             3
   Inner Flame                        Hexes/Fire                   3
   Sticky Flame                       Conjuration/Fire             4
   Fireball                           Conjuration/Fire             5
Magical staves
 s - an uncursed staff of poison (weapon)


   Skills:
 - Level 2.1 Dodging
 - Level 2.0 Stealth
 + Level 3.4 Spellcasting
 * Level 5.4 Conjurations
 * Level 5.7 Fire Magic


You had 5 spell levels left.
You knew the following spells:

 Your Spells              Type           Power        Failure   Level  Hunger
a - Flame Tongue          Conj/Fire      ###..        1%          1    None
b - Throw Flame           Conj/Fire      ###...       2%          2    ##.....
c - Conjure Flame         Conj/Fire      ###.....     8%          3    ###....


Dungeon Overview and Level Annotations

Branches:
Dungeon (4/16)
 Temple: D:4-7

Altars:


Innate Abilities, Weirdness & Mutations

You can fly.
You have a beak for a mouth.
You have claws for feet.


Message History

You hear some strange, mumbled words.
The magic dart hits you! The iguana bites you.
Casting: Flame Tongue
Confirm with . or Enter, or press ? or * to list all spells.
Aiming: Flame Tongue
Press: ? - help, Shift-Dir - straight line, f/p - iguana
Aim: an iguana (heavily wounded)
The flame hits the iguana.
The iguana is severely wounded.
Something hits you.
* * * LOW HITPOINT WARNING * * *
The iguana barely misses you.
The orc wizard hits you with an orcish dagger.
* * * LOW HITPOINT WARNING * * *
An orc comes into view. It is wielding an orcish war axe.
Drink which item? (? for menu, Esc to quit)
You feel much better.
The orc wizard hits you with an orcish dagger.
Something hits you. The iguana bites you!
You die...

.o.o..
o.....#
#.....#
##.....#
#......#
#......#
#.o....#
#.lo...#
#.@....#
##.....#
#......#
#......#
#......#
#......#
#.....>#
#....%.#
#......#


You could see an iguana, an orc wizard and 3 orcs.

Vanquished Creatures
  An ogre (D:4)
  The ghost of Bastard the Insei, an average DrTm (D:3)
  A hound (D:4)
  A worker ant (D:4)
  5 gnolls
  4 adders
  2 giant mites
  A worm (D:2)
  2 oozes
  2 orcs
  4 giant cockroaches
  10 hobgoblins
  4 jackals (D:3)
  A quokka (D:4)
  9 bats
  A giant gecko (D:1)
  5 giant newts
  A gnoll skeleton (D:4)
  2 goblins (D:1)
  A hobgoblin skeleton (D:4)
  15 kobolds
  A kobold skeleton (D:4)
  7 rats
81 creatures vanquished.

Notes
Turn   | Place    | Note
--------------------------------------------------------------
     0 | D:1      | Kae, the Tengu Fire Elementalist, began the quest for the Orb.
     0 | D:1      | Reached XP level 1. HP: 10/10 MP: 3/3
   274 | D:1      | Upgraded the game from 0.14-a0-2327-g5ff15cf to 0.14-a0-2340-g8df0fbc
   444 | D:1      | Reached XP level 2. HP: 15/15 MP: 2/6
   448 | D:1      | Learned a level 2 spell: Throw Flame
  1291 | D:2      | Reached XP level 3. HP: 19/19 MP: 7/7
  1407 | D:2      | Reached skill level 4 in Fire Magic
  1828 | D:2      | Reached XP level 4. HP: 20/24 MP: 5/9
  2660 | D:3      | Reached XP level 5. HP: 26/28 MP: 12/12
  2678 | D:3      | Learned a level 3 spell: Conjure Flame
  2747 | D:3      | Noticed Bastard's ghost (average DrTm)
  2769 | D:3      | Killed Bastard's ghost
  2769 | D:3      | Reached skill level 5 in Fire Magic
  3250 | D:3      | Reached XP level 6. HP: 11/32 MP: 6/15
  3692 | D:4      | Reached skill level 5 in Conjurations
  4034 | D:4      | Slain by an iguana

Action                   |  1- 3 |  4- 6 || total
-------------------------+-------+-------++-------
Melee: Unarmed           |    18 |       ||    18
       Dagger            |    34 |    26 ||    60
 Cast: Flame Tongue      |    40 |    94 ||   134
       Throw Flame       |     1 |     5 ||     6
       Conjure Flame     |       |     1 ||     1
  Use: Potion            |     1 |     2 ||     3
       Scroll            |       |     9 ||     9
 Stab: Sleeping          |     2 |     1 ||     3
       Distracted        |     1 |       ||     1
